 Dungeon Crawl Stone Soup version 0.29-a0-887-gcbe080d7e0 (webtiles) character file.

Game seed: 13411003795753254936

1 mcwallace the Charlatan (level 1, -2/15 HPs)
             Began as a Demonspawn Artificer on July 21, 2022.
             Slain by a jackal (3 damage)
             ... on level 1 of the Dungeon.
             The game lasted 00:00:48 (290 turns).

mcwallace the Charlatan (Demonspawn Artificer)       Turns: 290, Time: 00:00:49

Health: -2/15      AC:  3    Str: 12    XL:     1   Next: 16%
Magic:  1/1        EV: 11    Int: 12    God:
Gold:   0          SH:  0    Dex: 13    Spells: 0/0 levels left

rFire   . . .      SeeInvis .   i - +0 whip {mace}
rCold   . . .      Faith    .   (no shield)
rNeg    . . .      Spirit   .   b - +0 leather armour
rPois   .          Reflect  .   (no helmet)
rElec   .          Harm     .   (no cloak)
rCorr   .          Rampage  .   (no gloves)
Will    .....                   (no boots)
Stlth   +.........              (no amulet)
HPRegen 0.05/turn               (no ring)
MPRegen 0.07/turn               (no ring)

@: no status effects
A: no striking features
a: no special abilities


You were on level 1 of the Dungeon.
You visited 1 branch of the dungeon, and saw 1 of its levels.


   Skills:
 + Level 1.0 Fighting
 + Level 1.8 Armour
 + Level 0.9 Dodging
 - Level 0.8 Stealth
 + Level 0.0 Spellcasting
 + Level 3.0 Evocations


You couldn't memorise any spells.
You didn't know any spells.
Your spell library was empty.

Inventory:

Hand Weapons
 a - a +0 club {mace}
 i - a +0 whip (weapon) {mace}
   (You found it on level 1 of the Dungeon)
Missiles
 f - 5 stones {throwing}
Armour
 b - a +0 leather armour (worn)
Wands
 c - a wand of flame (13) (quivered)
 d - a wand of charming (14)
 e - a wand of iceblast (9)
Scrolls
 g - a scroll of noise {unknown}
Potions
 h - a potion of curing {unknown}

Dungeon Overview and Level Annotations

Branches:
Dungeon (1/15) Zot: 5706

Altars:

≈≈≈≈≈≈≈≈≈≈≈≈....####
≈≈≈≈≈≈≈≈≈≈≈≈≈....##...
≈≈≈≈≈≈≈≈≈≈≈≈≈....#....
≈≈≈≈≈≈≈≈≈≈≈≈....'..<>
≈≈≈≈≈≈≈≈≈......#....
### #≈≈≈≈≈≈≈......##...
##...
#≈≈≈........≈≈####
#.....#h........≈≈≈≈≈≈
#.>...h@.......≈≈≈≈≈≈≈≈
#.....#hh≈≈....≈≈≈≈≈≈≈≈
##...##≈≈≈≈≈...≈≈≈≈≈≈≈≈
### #≈≈≈≈≈≈....≈≈≈≈≈≈
≈≈≈≈≈≈≈≈†...≈≈≈≈≈≈
≈≈≈≈≈≈≈≈≈##'##≈≈≈≈≈
≈≈≈≈≈≈≈≈≈##...##≈≈≈≈
≈≈≈≈≈≈≈≈≈#.....# ≈≈≈
≈≈≈≈≈≈≈#.....# ≈


You could see 4 jackals.


Message History

You take 3 damage, and now have 6/15 hp.
You hit the kobold but do no damage. The kobold barely misses you.
The kobold hits you with a +0 club.
* * * LOW HITPOINT WARNING * * *
😨 HP[-2]
You take 2 damage, and now have 4/15 hp.
You closely miss the kobold. The kobold closely misses you. 😨 HP[+1]
You hit the kobold but do no damage. The kobold misses you.
You hit the kobold. The kobold hits you with a +0 club.
* * * LOW HITPOINT WARNING * * *
The kobold closely misses you. 😨 HP[-1]
You take 1 damage, and now have 4/15 hp.
Aiming: Throw Flame
Press: ? - help, Q - select action, (/) - cycle Shift-Dir - straight line, f - kobold
Aim: a kobold, wielding a +0 club and quivering stones (moderately wounded, 64% to hit)
The puff of flame hits the kobold.
You kill the kobold!
f - 5 stones {throwing} You see here a +0 club {mace}.
g - a scroll labelled HUTELA NOIH 😎 HP[+11]
Your hp is fully restored (15).
h - a clear potion A ball python comes into view.
No reachable target in view!
No reachable target in view!
You see here a +0 whip {mace}.
You see here a +0 whip {mace}.
i - a +0 whip {mace}
i - a +0 whip (weapon)
{mace} You open the door.
Found an escape hatch in the floor.
There is an open door here.
There is an open door here.
Key pressed, stopping explore.
No reachable target in view!
No reachable target in view!
What are your orders? t - Shout!
Orders for allies: a - Attack new target. r - Retreat! s - Stop attacking. g - Guard the area. f - Follow me.
Anything else - Cancel.
You shout for attention!
You hear an angry hiss. x2
You hit the ball python.
You kill the ball python!
You see here a ball python corpse.
Why would you want to do that?
You open the door. 4 jackals come into view.
The jackal barks! x3
Found an escape hatch in the floor.
You hit the jackal. The jackal bites you. 😕 HP[-3]
You take 3 damage, and now have 12/15 hp.
You closely miss the jackal. The jackal bites you.
The jackal bites you but does no damage.
The jackal misses you. 😮 HP[-3]
You take 3 damage, and now have 9/15 hp.
The jackal bites you but does no damage.
The jackal barely misses you. The jackal closely misses you.
The jackal bites you but does no damage.
The jackal closely misses you. The jackal bites you. 😮 HP[-1]
You take 1 damage, and now have 8/15 hp.
You barely miss the jackal.
The jackal bites you but does no damage.
The jackal barely misses you. The jackal bites you.
* * * LOW HITPOINT WARNING * * *
The jackal misses you. The jackal closely misses you. 😨 HP[-2]
You take 2 damage, and now have 6/15 hp.
You closely miss the jackal. The jackal barely misses you.
The jackal bites you but does no damage.
The jackal closely misses you. x2; The jackal barely misses you.
The jackal bites you.
* * * LOW HITPOINT WARNING * * *
The jackal completely misses you. 😨 HP[-2]
You take 2 damage, and now have 4/15 hp.
Aiming: Throw Flame
Press: ? - help, Q - select action, (/) - cycle Shift-Dir - straight line, f - jackal
Aim: a jackal (64% to hit)
The puff of flame misses the jackal.
The jackal closely misses you. The jackal bites you.
* * * LOW HITPOINT WARNING * * *
The jackal bites you.
* * * LOW HITPOINT WARNING * * *
The jackal closely misses you. x2 😱 HP[-3]
You take 3 damage, and now have 1/15 hp.
Aiming: Charm
Press: ? - help, Q - select action, (/) - cycle Shift-Dir - straight line, f/p - jackal
Aim: a jackal (chance to affect: 73%)
The jackal struggles to resist.
The jackal barely misses you. The jackal bites you.
You die...

Action                   || total
-------------------------++-------
Melee: Club              ||    10
       Whip              ||     5
Evoke: Wand              ||     3
Armor: Leather armour    ||     5
Dodge: Dodged            ||    24

Levels and vault maps discovered:
D:1:      minmay_arrival_shoal_huts, layout_rooms

Notes
Turn   | Place    | Note
-------+----------+-------------------------------------------
     0 | D:1      | mcwallace the Demonspawn Artificer began the quest for the
                  | Orb.
     0 | D:1      | Reached XP level 1. HP: 15/15 MP: 1/1
     0 | D:1      | magus.rc [v1.9.6]
   289 | D:1      | HP: 3/15 [jackal (1)]
   289 | D:1      | HP: 1/15 [jackal (2)]
   290 | D:1      | Slain by a jackal

Vanquished Creatures
  A ball python (D:1)
  A kobold (D:1)
2 creatures vanquished.

Table legend:
 A = Non-vault XP
 B = Vault XP
 C = Vault XP percentage of total XP
 D = Non-vault monster count
 E = Vault monster count
 F = Vault count percentage of total count
                 A         B        C        D         E       F
            +---------+---------+-------+---------+---------+-------
      Total |       2 |       0 |   0.0 |       2 |       0 |   0.0
            +---------+---------+-------+---------+---------+-------
        D:1 |       2 |       0 |   0.0 |       2 |       0 |   0.0
            +---------+---------+-------+---------+---------+-------

Illustrated notes

Table legend:
 A = Kills in this place as a percentage of kills in entire the game.
 B = Kills by you in this place as a percentage of kills by you in the entire game.
 C = Kills by friends in this place as a percentage of kills by friends in the entire game.
 D = Other kills in this place as a percentage of other kills in the entire game.
 E = Experience gained in this place as a percentage of experience gained in the entire game.
 F = Experience gained in this place divided by the number of levels of this place that you have seen.
                   A       B       C       D       E      F
               +-------+-------+-------+-------+-------+----------------------
         Total | 100.0 | 100.0 |   N/A |   N/A | 100.0 |   2.0
       Dungeon | 100.0 | 100.0 |   N/A |   N/A | 100.0 |   2.0
               +-------+-------+-------+-------+-------+----------------------

Table legend: (Time is in decaauts)
 A = Elapsed time spent in this place.
 B = Non-inter-level travel time spent in this place.
 C = Inter-level travel time spent in this place.
 D = Time resting spent in this place.
 E = Time spent auto-exploring this place.
 F = Levels seen in this place.
 G = Mean time per level.
                   A        B        C        D        E       F      G
               +--------+--------+--------+--------+--------+-----+--------+
         Total |    293 |    293 |      0 |      0 |    247 |   1 |  293.0 |
       Dungeon |    293 |    293 |      0 |      0 |    247 |   1 |  293.0 |
               +--------+--------+--------+--------+--------+-----+--------+

Top non-repeatable levels by time:
     D:1: 293 daAuts
